 Dungeon Crawl Stone Soup version 0.29.1-15-g9cfb28693d (webtiles) character file.

Game seed: 1017684264277159409

2125 hawla the Firebug (level 9, 0/69 HPs)
             Began as a Meteoran Fire Elementalist on Apr 24, 2023.
             Was a Believer of Vehumet.
             Slain by an orc warrior
             ... wielding a +0 hand axe
              (9 damage)
             ... on level 8 of the Dungeon.
             The game lasted 00:20:19 (2264 turns).

hawla the Firebug (Meteoran Fire Elementalist)      Turns: 2264, Time: 00:20:20

Health: 0/69       AC:  5    Str:  9    XL:     9   Next: 84%
Magic:  19/21      EV: 15    Int: 20    God:    Vehumet [**....]
Gold:   115        SH:  0    Dex: 19    Spells: 11/22 levels left

rFire   + + .      SeeInvis .   f - +4 quarterstaff (distort)
rCold   + . .      Faith    .   (shield currently unavailable)
rNeg    . . .      Spirit   .   a - +1 robe
rPois   .          Reflect  .   m - +0 helmet
rElec   .          Harm     .   (no cloak)
rCorr   .          Rampage  .   i - +0 pair of gloves
Will    +....                   (no boots)
Stlth   +.........              (no amulet)
HPRegen 0.21/turn               g - ring of wizardry
MPRegen 0.17/turn               h - ring of Nediq {rF+ rC+}

@: glowing
A: sense surroundings 2, otherworldly, glowing, explore regen, agile 1, fire
resistance 1, noise suppression
a: Renounce Religion


You were on level 8 of the Dungeon.
You worshipped Vehumet.
Vehumet was pleased with you.
You visited 2 branches of the dungeon, and saw 9 of its levels.
You also visited: Sewer and Ossuary.

You collected 115 gold pieces.

Inventory:

Hand Weapons
 f - a +4 quarterstaff of distortion (weapon)
Armour
 a - a +1 robe (worn)
 i - a +0 pair of gloves (worn)
 m - a +0 helmet (worn)
Jewellery
 g - a ring of wizardry (left hand)
 h - the ring of Nediq (right hand) {rF+ rC+}
   (You found it on level 4 of the Dungeon)

   [ring of protection from fire]

   rF:        It protects you from fire.
   rC:        It protects you from cold.
 k - a ring of resist corrosion
Scrolls
 c - 3 scrolls of amnesia
 j - 3 scrolls of magic mapping
 n - a scroll of silence
 p - a scroll of enchant armour
 s - a scroll of enchant weapon
Potions
 d - 3 potions of flight {unknown}
 e - a potion of mutation
 l - a potion of heal wounds
 o - a potion of curing
 q - a potion of haste
 t - a potion of brilliance
 u - a potion of resistance {unknown}
 v - a potion of lignification {unknown}
 x - a potion of might {unknown}


   Skills:
 + Level 3.1 Fighting
 + Level 5.0 Staves
 + Level 5.4 Dodging
 - Level 1.4 Stealth
 + Level 7.4 Spellcasting
 + Level 6.5 Conjurations
 + Level 7.9 Fire Magic


You had 11 spell levels left.
You knew the following spells:

 Your Spells              Type           Power      Damage    Failure   Level
a - Foxfire               Conj/Fire      100%       2x1d9     1%          1
b - Scorch                Fire           78%        2d9       1%          2
c - Flame Wave            Conj/Fire      36%        2d10      1%          4
d - Sticky Flame          Conj/Fire      36%        2d6       1%          4

Your spell library contained the following spells:

 Spells                   Type           Power      Damage    Failure   Level
 Shock                    Conj/Air       80%        1d8       1%          1
 Magic Dart               Conj           100%       1d8       1%          1
 Static Discharge         Conj/Air       20%        3-6/arc   1%          2
 Conjure Flame            Conj/Fire      36%        6-21      1%          3
 Inner Flame              Hex/Fire       23%        N/A       2%          3
 Summon Small Mammal      Summ           28%        N/A       3%          1
 Mephitic Cloud           Conj/Pois/Air  16%        N/A       4%          3
 Call Imp                 Summ           7%         N/A       6%          2
 Ensorcelled Hibernation  Hex/Ice        14%        N/A       6%          2
 Call Canine Familiar     Summ           7%         N/A       11%         3
 Spider Form              Tmut/Pois      7%         N/A       11%         3
 Summon Guardian Golem    Hex/Summ       7%         N/A       11%         3
 Anguish                  Hex/Necr       3%         N/A       32%         4
 Dispel Undead            Necr           7%         3d8       32%         4


Dungeon Overview and Level Annotations

Branches:
Dungeon (8/15) Zot: 2816   Temple (1/1) D:5 Zot: 558    Lair (0/5) D:8
  Sewer (visited)         Ossuary (visited)

Altars:
Ashenzari
Cheibriados
Dithmenos
Elyvilon
Fedhas
Gozag
Hepliaklqana
Makhleb
Nemelex Xobeh
Okawaru
Qazlal
Ru
Trog
Uskayaw
Vehumet
Wu Jian
Xom
Yredelemnul
Zin

Annotations:
D:4 Pikel
Temple 2 transporters


Innate Abilities, Weirdness & Mutations

You passively map the area around you.
You are easily found by Zot.
You glow in the dark.
You regain HP and MP as you explore.
You are agile. (Dex +4, Str/Int -1)
Your flesh is heat resistant. (rF+)
You passively dampen the noise of your surroundings.


Message History

Something hits you. Something shocks you.
The orc priest calls down the wrath of Beogh upon you.
Something writhes in agony.
The orc warrior shoots a bolt.
The bolt misses you.
A wave of flame ripples out!
The flame wave engulfs the wyvern.
The wyvern is moderately wounded.
The flame wave engulfs something!
Vehumet accepts your kill.
You feel your power returning.
Reactivating autopickup.
You feel a bit more experienced.
The flame wave engulfs the orc wizard!
You kill the orc wizard!
Vehumet accepts your kill.
You feel your power returning.
The flame wave engulfs the orc priest!
The orc priest is severely wounded.
The wyvern bites you!
The orc warrior shoots a bolt.
The bolt closely misses you.
A wave of flame ripples out!
The flame wave engulfs the wyvern!
The wyvern is heavily wounded.
The flame wave engulfs the orc priest!
You kill the orc priest!
Vehumet accepts your kill.
You feel your power returning.
You finish channelling waves of flame.
The wyvern bites you but does no damage.
The wyvern bites you.
The orc warrior shoots a bolt.
The bolt misses you.
Your Staves skill increases to level 5!
The wyvern bites you but does no damage.
The orc warrior shoots a bolt.
The bolt misses you.
The bolt barely misses the wyvern.
The wyvern attacks as you move away! The wyvern bites you!
The wyvern barely misses you.
The orc warrior shoots a bolt.
The bolt hits you!!
* * * LOW HITPOINT WARNING * * *
You feel much better.
The wyvern bites you but does no damage.
The orc warrior shoots a bolt.
The bolt closely misses you. The wyvern bites you!
* * * LOW HITPOINT WARNING * * *
The orc warrior unwields a +0 arbalest.
The orc warrior wields a +0 hand axe.
The orc warrior hits you with a +0 hand axe!
You die...

,,
#...###..######
, #.## #..# #
*, #.. #..# #.#
#..# * , .##*
.. ##.. ,
...#####.##
##..,
....#.....##
*##* *
........o..## ,
......$@..?.#
.......l....# *
, ...[....)...#
,,........)...#
............#
,...........##
....#.....##
**###########


You could see an orc warrior and a wyvern.

Vanquished Creatures
  A wyvern (D:8)
  A water moccasin (Sewer)
  2 sky beasts
  2 black bears (D:8)
  An ogre (D:6)
  2 centaurs (D:7)
  A lemure (D:3)
  A phantom (D:7)
  2 kobold brigands
  A bullfrog (D:8)
  A gnoll sergeant (D:5)
  3 water moccasin zombies (Ossuary)
  An oklob sapling (D:5)
  4 howler monkeys
  2 orc priests
  3 hounds
  A gnoll bouda (D:8)
  Ijyb (D:3)
  2 orc wizards
  An iguana (D:5)
  3 mummies
  Robin (D:4)
  8 gnolls
  6 adders
  A river rat (D:5)
  A shadow imp (D:8)
  An ufetubus (D:5)
  4 adder zombies (Ossuary)
  3 worms
  17 orcs
  4 endoplasms
  A giant cockroach (D:5)
  2 gnoll zombies (Ossuary)
  15 goblins
  8 hobgoblins
  4 jackals
  2 quokkas (D:5)
  5 ball pythons
  4 bats
  4 frilled lizards (D:1)
  6 hobgoblin zombies (Ossuary)
  7 kobolds
  4 kobold zombies (Ossuary)
  2 orc zombies (Ossuary)
  5 rats
151 creatures vanquished.

Vanquished Creatures (others)
  186 foxfires
  18 plants
204 creatures vanquished.

Grand Total: 355 creatures vanquished

Notes
Turn   | Place    | Note
-------+----------+-------------------------------------------
     0 | D:1      | hawla the Meteoran Fire Elementalist began the quest for
                  | the Orb.
     0 | D:1      | Reached XP level 1. HP: 14/14 MP: 5/5
    67 | D:1      | Reached XP level 2. HP: 16/20 MP: 1/6
   172 | D:1      | Reached XP level 3. HP: 19/26 MP: 4/8
   185 | D:1      | Learned a level 2 spell: Scorch
   275 | D:1      | Found a faded altar of an unknown god.
   329 | D:4      | Noticed Pikel
   329 | D:4      | Noticed a lemure
   330 | D:4      | Noticed a lemure
   399 | D:3      | Reached XP level 4. HP: 33/33 MP: 2/9
   433 | D:3      | Reached skill level 5 in Fire Magic
   433 | D:3      | Reached XP level 5. HP: 38/38 MP: 2/11
   504 | D:4      | Noticed Ijyb
   504 | D:4      | Noticed a lemure
   577 | D:4      | Noticed a lemure
   593 | D:3      | Gained mutation: Your flesh is heat resistant. (rF+)
                  | [potion of mutation]
   593 | D:3      | Gained mutation: You have hidden genetic potential. [potion
                  | of mutation]
   598 | D:3      | Paralysed by Ijyb for 2 turns
   604 | D:3      | Killed Ijyb
   606 | D:3      | Killed a lemure
   614 | D:3      | Learned a level 4 spell: Flame Wave
   619 | D:3      | Learned a level 4 spell: Sticky Flame
   657 | D:3      | Reached XP level 6. HP: 22/45 MP: 11/13
   680 | D:4      | Noticed Robin
   687 | D:4      | Killed Robin
   708 | D:4      | Gained mutation: You are agile. (Dex +4, Str/Int -1)
                  | [hidden potential]
   721 | D:4      | Identified the ring of Nediq {rF+ rC+}
  1129 | D:5      | Entered Level 5 of the Dungeon
  1158 | D:5      | Found a staircase to the Ecumenical Temple.
  1173 | D:5      | Reached skill level 5 in Conjurations
  1173 | D:5      | Reached XP level 7. HP: 27/50 MP: 1/14
  1175 | Temple   | Entered the Ecumenical Temple
  1175 | Temple   | Found a transporter.
  1175 | Temple   | Found a transporter.
  1177 | Temple   | Found a transporter.
  1177 | Temple   | Found a transporter.
  1200 | Temple   | Became a worshipper of Vehumet
  1287 | D:5      | Gained mutation: You passively dampen the noise of your
                  | surroundings. [hidden potential]
  1287 | D:5      | Lost mutation: You have hidden genetic potential. [hidden
                  | potential expressed]
  1367 | D:5      | Found a glowing drain.
  1371 | Sewer    | Entered a sewer
  1402 | Sewer    | Noticed a water moccasin
  1409 | Sewer    | Killed a water moccasin
  1410 | Sewer    | Reached skill level 1 in Fighting
  1410 | Sewer    | Reached skill level 5 in Spellcasting
  1518 | D:5      | Reached skill level 1 in Staves
  1560 | D:5      | Reached XP level 8. HP: 59/59 MP: 6/16
  1564 | D:5      | Reached * piety under Vehumet
  1564 | D:5      | Offered knowledge of Freeze by Vehumet.
  1938 | D:7      | Found a sand-covered staircase.
  1950 | Ossuary  | Entered an ossuary
  2022 | Ossuary  | Offered knowledge of Shock by Vehumet.
  2040 | Ossuary  | Reached ** piety under Vehumet
  2148 | D:7      | Gained mutation: You passively map the area around you.
                  | [Meteoran growth]
  2148 | D:7      | Reached XP level 9. HP: 57/67 MP: 15/19
  2185 | D:8      | Found a bloodstained altar of Trog.
  2233 | D:8      | Noticed an elephant
  2242 | D:8      | Reached skill level 5 in Dodging
  2252 | D:8      | Noticed a hornet
  2261 | D:8      | Reached skill level 5 in Staves
  2264 | D:8      | Slain by an orc warrior

Illustrated notes

Levels and vault maps discovered:
D:1:      lordsloth_arrival_two_stooges, layout_rooms,
          chequers_ecumenical_altar_island, minivault_14
D:2:      layout_basic, basic_altar
D:3:      layout_basic, kennysheep_generic_room_13
D:4:      layout_basic, uniq_robin, uniq_ijyb, uniq_pikel
D:5:      layout_loops_cross, minmay_temple_entry_oklob, gup_sewer_entry_bowl
D:6:      layout_loops_ring
D:7:      layout_rooms, gup_ossuary_entry_pyramid, minmay_misc_feat_tower,
          reono_crystal_passage
D:8:      layout_rooms, tso_metal_star,
          mainiacjoe_overflow_concentric_impassable, david_lair_generic,
          uniq_gastronok
Temple:   hellmonk_temple_divided_pantheon

Skill      XL: |  1  2  3  4  5  6  7  8  9 |
---------------+----------------------------+-----
Fire Magic     | 4 5 7 |  7.9
Spellcasting   | 3 4 5 6 7 |  7.4
Conjurations   | 2 5 6 |  6.5
Dodging        | 3 5 |  5.4
Fighting       | 1 2 3 |  3.1
Staves         | 1 3 5 |  5.0
Stealth        | |  1.4

Action                   |  1- 3 |  4- 6 |  7- 9 || total
-------------------------+-------+-------+-------++-------
Melee: Unarmed           |     2 |    16 |     2 ||    20
       Punch             |       |     1 |       ||     1
       Quarterstaff      |       |       |    68 ||    68
 Cast: Foxfire           |    37 |    50 |    24 ||   111
       Scorch            |     2 |    17 |    26 ||    45
       Flame Wave        |       |     4 |    15 ||    19
Evoke: Wand              |       |       |     1 ||     1
  Use: Scroll            |     3 |     3 |     9 ||    15
       Potion            |       |     8 |     7 ||    15
 Stab: Paralysed         |       |       |     2 ||     2
Armor: Robe              |     5 |    18 |    40 ||    63
Dodge: Dodged            |    15 |    47 |    81 ||   143
